 Dungeon Crawl Stone Soup version 0.27.1-33-g824d729ab1 (webtiles) character file.

Game seed: 3847955679462685428

28 Atelerd the Digger (level 3, -1/21 HPs)
             Began as an Octopode Earth Elementalist on Dec 23, 2021.
             Succumbed to an adder's poison
             ... on level 2 of the Dungeon.
             The game lasted 00:02:03 (1312 turns).

Atelerd the Digger (Octopode Earth Elementalist)    Turns: 1312, Time: 00:02:04

Health: -1/21      AC:  1    Str:  7    XL:     3   Next: 12%
Magic:  3/6        EV: 13    Int: 18    God:
Gold:   4          SH:  0    Dex: 12    Spells: 5/6 levels left

rFire    . . .     SeeInvis .   (no weapon)
rCold    . . .     Faith    .   (no shield)
rNeg     . . .     Spirit   .   (helmet restricted)
rPois    .         Reflect  .   (no amulet)
rElec    .         Harm     .   (no ring)
rCorr    .         Rampage  .   (no ring)
Will     .....                  (no ring)
Stlth    +++.......             (no ring)
HPRegen  0.07/turn              (no ring)
MPRegen  0.10/turn              (no ring)
                                (no ring)
                                (no ring)

@: brilliant, lethally poisoned (-1 -> -13), attractive
A: almost no armour, amphibious, 8 rings, camouflage 1, gelatinous body 1,
(nimble swimmer 1), tentacles
a: no special abilities


You were on level 2 of the Dungeon.
You visited 1 branch of the dungeon, and saw 2 of its levels.

You collected 4 gold pieces.

Inventory:

Jewellery
 a - a ring of fire
Scrolls
 d - a scroll of noise {unknown}
 g - a scroll of amnesia {unknown}
Potions
 c - a potion of brilliance


   Skills:
 - Level 2.0 Dodging
 - Level 2.6 Stealth
 + Level 2.4 Spellcasting
 + Level 1.9 Transmutations
 + Level 3.4 Earth Magic


You had 5 spell levels left.
You knew the following spells:

 Your Spells              Type           Power      Damage    Failure   Level
a - Sandblast             Erth           42%        2d11      4%          1

Your spell library contained the following spells:

 Spells                   Type           Power      Damage    Failure   Level
 Passwall                 Tmut/Erth      14%        N/A       9%          2
 Stone Arrow              Conj/Erth      24%        3d8       26%         3
 Petrify                  Tmut/Erth      17%        N/A       50%         4


Dungeon Overview and Level Annotations

Branches:
Dungeon (2/15)

Altars:

Shops:
D:1 !*!

Annotations:
D:2 Jessica


Innate Abilities, Weirdness & Mutations

You cannot wear most types of armour.
You are amphibious.
You can wear up to eight rings at the same time.
Your skin changes colour to match your surroundings (Stealth+).
Your rubbery body absorbs attacks. (AC +1, EV +1)
((You are camouflaged near water. (Stealth+)))
You have tentacles for arms and can constrict up to eight enemies at once.


Message History

Jessica casts a spell.
Jessica blinks!
There is a stone staircase leading down, spattered with blood here.
You feel sick.
You feel sick.
Jessica casts a spell.
Jessica blinks!
You feel sick. The jackal closely misses you.
The blast of sand hits the jackal!
You kill the jackal!
You now have no stones remaining.
You feel sick. The adder bites you.
You are lethally poisoned!
The adder poisons you!
Casting: Sandblast (safe; 4% risk of failure)
Confirm with . or Enter, or press ? or * to list all spells.
You don't have any stones to cast with.
Unknown command.
Casting: Sandblast (safe; 4% risk of failure)
Confirm with . or Enter, or press ? or * to list all spells.
You don't have any stones to cast with.
Unknown command.
It was a potion of brilliance.
You feel clever all of a sudden.
You feel very sick. The adder bites you.
* * * LOW HITPOINT WARNING * * *
You are more poisoned.
The adder poisons you!
Your magical contamination has completely faded away.
It was a potion of attraction.
You feel attractive to monsters.
* * * LOW HITPOINT WARNING * * *
You feel very sick. The adder barely misses you.
Unknown command.
As you read the scroll labelled IRIPLYHIUMN, it crumbles to dust.
You feel aware of your surroundings.
You sensed 1 altar, and 6 shops/portals.
It was a scroll of magic mapping.
You die...

####### #.....## ###.†..#
#....#
#....########*#######****
#........@Sh#,.......,,,**
#....######l#♣..♣..∩.,8,,,
#.#.....# #.r@.......,,,,,
#.#.....####.........,,,,,
#.#.†......#....∩.^♣.,∩,,8
#.#####....#.........,,,,,
#.# #....#.........,,,,,
#.# #....#.∩..♣....,,,,∩
#.#####....#.........,,,,,


You could see an adder, Jessica, a jackal, a frilled lizard and a rat.

Vanquished Creatures
  2 ball pythons
  4 bats
  4 endoplasms (D:1)
  3 giant cockroaches (D:1)
  A goblin (D:1)
  2 hobgoblins
  A jackal (D:2)
  A kobold (D:1)
  2 quokkas (D:1)
  A frilled lizard (D:1)
  2 rats (D:1)
23 creatures vanquished.

Notes
Turn   | Place    | Note
-------+----------+-------------------------------------------
     0 | D:1      | Atelerd the Octopode Earth Elementalist began the quest for
                  | the Orb.
     0 | D:1      | Reached XP level 1. HP: 11/11 MP: 3/3
   237 | D:1      | Found Anoas's Assorted Antiques.
   249 | D:1      | Reached XP level 2. HP: 17/17 MP: 3/5
   563 | D:1      | Found Deingoas's Distillery.
   780 | D:1      | Found Bojudyillu's Distillery.
  1189 | D:2      | Reached XP level 3. HP: 16/21 MP: 4/6
  1298 | D:2      | Noticed Jessica
  1301 | D:2      | Found a faded altar of an unknown god.
  1312 | D:2      | Succumbed to an adder's poison

Illustrated notes

Levels and vault maps discovered:
D:1:      beargit_arrival_diablo_church, layout_basic, serial_shops,
          shop_fountains, nicolae_shop_trees, shop
D:2:      layout_basic, hellmonk_ecumenical_altar_arch_garden, basic_altar,
          uniq_jessica

Action                   || total
-------------------------++-------
Melee: Unarmed           ||    14
       Constrict         ||     6
       Tentacles         ||     4
 Cast: Sandblast         ||    30
  Use: Potion            ||     2
       Scroll            ||     1
 Stab: Sleeping          ||     1
Armor: Skin              ||     2
Dodge: Dodged            ||    12
